 Dungeon Crawl Stone Soup version 0.23-a0-261-g133332c (webtiles) character file.

52 Irenicus the Digger (level 3, 0/28 HPs)
             Began as a Deep Dwarf Earth Elementalist on Sept 29, 2018.
             Slain by an orc
             ... wielding a +0 trident
              (2 damage)
             ... on level 4 of the Dungeon.
             The game lasted 00:06:40 (838 turns).

Irenicus the Digger (Deep Dwarf Earth Elementalist)  Turns: 838, Time: 00:06:40

Health: 0/28       AC:  4    Str: 11    XL:     3   Next: 60%
Magic:  1/7        EV: 12    Int: 15    God:
Gold:   90         SH:  0    Dex: 14    Spells: 1/7 levels left

rFire    . . .     SeeInvis .   l - +0 trident
rCold    . . .     Gourm    .   (no shield)
rNeg     . . .     Faith    .   f - +0 leather armour
rPois    .         Spirit   .   (no helmet)
rElec    .         Reflect  .   (no cloak)
rCorr    .         Harm     .   (no gloves)
MR       .....                  a - +0 pair of boots
Stlth    ++........             (no amulet)
HPRegen  0.00/turn              (no ring)
MPRegen  0.10/turn              (no ring)

@: lethally poisoned (0 -> 0), non-regenerating
A: damage resistance, heal wounds, sense surroundings 1, no regeneration
a: Heal Wounds


You were on level 4 of the Dungeon.
You were not hungry.

You visited 1 branch of the dungeon, and saw 3 of its levels.

You collected 90 gold pieces.

Inventory:

Hand Weapons
 l - a +0 trident (weapon)
Missiles
 b - 15 stones (quivered)
Armour
 a - a +0 pair of boots (worn)
 f - a +0 leather armour (worn)
Potions
 c - a potion of invisibility
 i - a potion of berserk rage {unknown}
 j - a potion of cancellation
 k - a potion of ambrosia {unknown}
Comestibles
 d - 4 rations


   Skills:
 - Level 2.1 Dodging
 - Level 2.4 Stealth
 + Level 2.7 Spellcasting
 - Level 0.8 Transmutations
 + Level 5.2 Earth Magic


You had one spell level left.
You knew the following spells:

 Your Spells              Type           Power        Failure   Level  Hunger
a - Sandblast             Erth           ###...       3%          1    #......
b - Passwall              Tmut/Erth      ##......     12%         2    ##.....
c - Stone Arrow           Conj/Erth      #.....       28%         3    ###....

Your spell library contained the following spells:

 Spells                   Type           Power        Failure   Level  Hunger
 Petrify                  Tmut/Erth      ##......     61%         4    #####..
 Lee's Rapid Deconstruct  Erth           ###.......   65%         5    ######.


Dungeon Overview and Level Annotations

Branches:
Dungeon (2/15)

Altars:
Gozag
Qazlal


Innate Abilities, Weirdness & Mutations

You are resistant to damage.
You can heal yourself by infusing magical energy.
You passively map a small area around you.
You do not regenerate.


Message History

You are confused.
You hear some strange, mumbled words.
A puff of flame appears from out of thin air!
The puff of flame hits you!
* * * LOW HITPOINT WARNING * * *
It was a potion of flight.
You feel very buoyant.
You fly up into the air.
Something closely misses you. x2
You're too confused!
It was a potion of cancellation.
Your magical effects are unravelling.
You feel magically purged.
Your magical contamination has completely faded away.
You float gracefully downwards.
You flicker back into view.
You feel less confused.
You feel a little less agile now. Something hits you but does no damage.
You are poisoned.
The orc hits you from afar with a trident.
You die...

###############
##.#...........###
#................#
#................#
#................#
#.....[.......####
#..........####
#....####@{# ##...##
#.## #....# ##o# *
#....# #..#####.
##....## #.........
,
#......###.#.......,
,
#...#......#.....o.
########...#.......
, ###.........,


You could see an orc.

Vanquished Creatures
  2 adders (D:2)
  A dart slug (D:2)
  An orc (D:4)
  5 giant cockroaches
  4 goblins
  5 hobgoblins
  5 kobolds
  4 bats
  2 frilled lizards (D:1)
  A rat (D:1)
30 creatures vanquished.

Notes
Turn   | Place    | Note
-------+----------+-------------------------------------------
     0 | D:1      | Irenicus the Deep Dwarf Earth Elementalist began the quest
                  | for the Orb.
     0 | D:1      | Reached XP level 1. HP: 15/15 MP: 3/3
   227 | D:1      | Reached XP level 2. HP: 22/22 MP: 1/5
   231 | D:1      | Learned a level 2 spell: Passwall
   527 | D:2      | Reached XP level 3. HP: 21/28 MP: 0/6
   705 | D:2      | Found an opulent altar of Gozag.
   709 | D:2      | Reached skill level 5 in Earth Magic
   741 | D:2      | Found a stormy altar of Qazlal.
   755 | D:2      | You fall through a shaft for 2 floors!
   794 | D:4      | Learned a level 3 spell: Stone Arrow
   838 | D:4      | Slain by an orc

Vault maps used:
D:1:      grunt_arrival_crossed_arrows, minmay_pentomino_q4
D:2:      lemuel_doored_altar, nicolae_gozag_seed_capital
D:4:      grunt_dithmenos_shadows, first_ration, serial_column_ruins,
          column_ruins_corridor_straight, column_ruins_corridor_corner,
          column_ruins_columns_straight, column_ruins_corridor_dead_end,
          column_ruins_grid_1, column_ruins_corridor_corner

Skill      XL: |  1  2  3 |
---------------+----------+-----
Spellcasting   | 2 |  2.7
Earth Magic    | 5 |  5.2
Dodging        | |  2.1
Stealth        | |  2.4
Transmutations | |  0.8

Action                   || total
-------------------------++-------
Melee: Unarmed           ||     3
       Trident           ||     3
 Cast: Sandblast         ||    53
       Passwall          ||     3
  Use: Scroll            ||     4
       Potion            ||     5
 Stab: Sleeping          ||     1
  Eat: Chunk             ||     1
Armor: Robe              ||    10
       Leather armour    ||    10
Dodge: Dodged            ||    28

Table legend:
 A = Non-vault XP
 B = Vault XP
 C = Vault XP percentage of total XP
 D = Non-vault monster count
 E = Vault monster count
 F = Vault count percentage of total count
                 A         B        C        D         E       F
            +---------+---------+-------+---------+---------+-------
      Total |      68 |       7 |   9.3 |      26 |       4 |  13.3
            +---------+---------+-------+---------+---------+-------
        D:1 |      19 |       7 |  26.9 |      13 |       4 |  23.5
        D:2 |      42 |       0 |   0.0 |      10 |       0 |   0.0
        D:4 |       7 |       0 |   0.0 |       3 |       0 |   0.0
            +---------+---------+-------+---------+---------+-------
